 Dungeon Crawl Stone Soup version 0.32-a0-837-g8d3e27d251 (webtiles) character file.

Game seed: 17630213830185087089

121 Ajdolov the Trooper (level 5, -2/30 HPs)
             Began as a Vine Stalker Monk on Mar 26, 2024.
             Succumbed to a water moccasin's poison
             ... on level 3 of the Dungeon.
             The game lasted 00:05:21 (1705 turns).

Ajdolov the Trooper (Vine Stalker Monk)             Turns: 1705, Time: 00:05:22

Health: -2/30      AC:  7    Str: 13    XL:     5   Next: 5%
Magic:  3/6        EV: 10    Int: 10    God:
Gold:   72         SH:  0    Dex: 17    Spells: 4/4 levels left

rFire   . .          .
                       - Unarmed
rCold   + . .        c - orb {light}
rNeg    . . .        e - +0 ring mail
rPois   .            q - +0 helmet of Obryomou {rElec Will+++ Regen+ Str-2}
rElec   +            (no cloak)
rCorr   .            g - +0 pair of gloves
SInv    .            (no boots)
Will    +++..        (no amulet)
Stlth   +            l - ring of protection from cold
HPRegen 1.85/turn    (no ring)
MPRegen 0.10/turn

%: guardian spirit
@: lethally poisoned (-2 -> -26), glowing
A: fangs 2, regeneration 1, magic shield, antimagic bite, no potion heal 2
a: no special abilities


You were on level 3 of the Dungeon.
You visited 1 branch of the dungeon, and saw 3 of its levels.

You collected 158 gold pieces.
You spent 86 gold pieces at shops.

Inventory:

Missiles
 r - 6 curare-tipped darts (quivered)
Armour
 c - an orb of light (worn)
 e - a +0 ring mail (worn)
 g - a +0 pair of gloves (worn)
 k - a +0 chain mail
 q - the +0 helmet of Obryomou (worn) {rElec Will+++ Regen+ Str-2}
   (You took it off Robin on level 2 of the Dungeon)

   Str-2:     It affects your strength (-2).
   rElec:     It insulates you from electricity.
   Will+++:   It greatly increases your willpower.
   Regen+:    It increases your rate of health regeneration.
Jewellery
 l - a ring of protection from cold (left hand)
Scrolls
 a - 2 scrolls of revelation {unknown}
 h - a scroll of poison {unknown}
 i - a scroll of enchant weapon {unknown}
 o - 3 scrolls of teleportation {unknown}
 p - 2 scrolls of identify {unknown}
 s - 2 scrolls of amnesia {unknown}
Potions
 b - a potion of ambrosia
 d - a potion of heal wounds
 f - a potion of magic {unknown}
 j - a potion of brilliance {unknown}
 m - a potion of degeneration {unknown}
 n - 3 potions of curing {unknown}
 t - 2 potions of might {unknown}


   Skills:
 - Level 5.0 Fighting
 - Level 2.4 Dodging
 + Level 3.2 Unarmed Combat


You had 4 spell levels left.
You didn't know any spells.
Your spell library contained the following spells:

 Spells                   Type           Power      Damage    Failure   Level
 Ensorcelled Hibernation  Hex/Ice        0%         N/A       77%         2
 Passwall                 Erth           0%         N/A       94%         3
 Swiftness                Air            0%         N/A       94%         3


Dungeon Overview and Level Annotations

Branches:
Dungeon (3/15)

Altars:
Fedhas

Shops:
D:2 :((([


Innate Abilities, Weirdness & Mutations

You have extremely sharp teeth.
Your natural rate of healing is unusually fast.
When hurt, damage is shared between your health and your magic reserves.
Your bite disrupts and absorbs the magic of your enemies.
Potions cannot restore your health.


Message History

You hit the water moccasin.
You bite the water moccasin, but do no damage.
The water moccasin is moderately wounded.
The water moccasin barely misses you.
Unknown command.
You hit the water moccasin. You bite the water moccasin. You drain its power.
The water moccasin is heavily wounded.
The water moccasin bites you.
You are poisoned.
The water moccasin poisons you!
You hit the water moccasin.
The water moccasin is heavily wounded.
You feel very sick. The water moccasin bites you.
You are more poisoned.
The water moccasin poisons you! The water moccasin barely misses you.
Unknown command.
You hit the water moccasin.
The water moccasin is severely wounded.
You feel very sick. The water moccasin bites you.
You are lethally poisoned!
The water moccasin poisons you!
You hit the water moccasin. Your bite misses the water moccasin.
The water moccasin is severely wounded.
You feel extremely sick. The water moccasin closely misses you.
Unknown command.
You hit the water moccasin.
The water moccasin is almost dead.
* * * LOW HITPOINT WARNING * * *
You feel extremely sick. The water moccasin bites you.
* * * LOW HITPOINT WARNING * * *
The water moccasin bites you.
* * * LOW HITPOINT WARNING * * *
You are more poisoned.
The water moccasin poisons you!
It was a potion of heal wounds.
That seemed strangely inert.
You die...

########
.......#
######.# #.#
#########
##'#####
#.S......
#...†..# #@#
#......# #.#
#####...[..#
#.#
<..........#
#.#
..##.......#
#.# #.†.....#
#.# #.......#
#.# #.#'#####
#.#
#.#.#########.#


You could see a water moccasin.

Vanquished Creatures
  Jessica (D:2)
  Robin (D:2)
  A gnoll (D:1)
  An adder (D:2)
  A ribbon worm (D:3)
  2 dart slugs
  An orc (D:3)
  5 ball pythons
  5 bats
  4 endoplasms (D:1)
  A giant cockroach (D:1)
  12 goblins
  6 hobgoblins
  2 jackals (D:2)
  5 kobolds
  A quokka (D:1)
  3 frilled lizards
  4 rats
56 creatures vanquished.

Notes
Turn   | Place    | Note
-------+----------+-------------------------------------------
     0 | D:1      | Ajdolov the Vine Stalker Monk began the quest for the Orb.
     0 | D:1      | Reached XP level 1. HP: 11/11 MP: 2/2
    25 | D:1      | Found a faded altar of an unknown god.
    73 | D:1      | Reached skill level 3 in Fighting
   188 | D:1      | Reached XP level 2. HP: 16/16 MP: 3/3
   366 | D:1      | Reached XP level 3. HP: 18/21 MP: 2/4
   982 | D:2      | Found Piosuaxzif's Book Shoppe.
  1013 | D:2      | Reached skill level 4 in Fighting
  1044 | D:2      | Noticed Jessica
  1078 | D:2      | Killed Jessica
  1079 | D:2      | Reached XP level 4. HP: 26/26 MP: 5/5
  1097 | D:2      | Found a blossoming altar of Fedhas.
  1147 | D:2      | Identified the +0 helmet of Obryomou {rElec Will+++ Regen+
                  | Str-2}
  1147 | D:2      | Noticed Robin
  1185 | D:2      | Killed Robin
  1267 | D:2      | Found Towoedd's Antique Armour Boutique.
  1278 | D:2      | Found Devviboh's Weapon Shop.
  1312 | D:2      | Found Seax's Weapon Emporium.
  1325 | D:2      | Bought 6 curare-tipped darts for 86 gold pieces
  1405 | D:2      | Found Onackoum's Weapon Shoppe.
  1583 | D:3      | Reached skill level 5 in Fighting
  1601 | D:3      | Reached XP level 5. HP: 30/30 MP: 6/6
  1697 | D:3      | Noticed a water moccasin
  1705 | D:3      | Succumbed to a water moccasin's poison

Illustrated notes

Levels and vault maps discovered:
D:1:      tarquinn_simple_flora_water_e, layout_basic,
          hellmonk_ecumenical_altar_zigzags
D:2:      layout_basic, basic_altar, serial_shops, shop, shop,
          nicolae_shop_rolling_square, nicolae_shop_rolling_square,
          nicolae_shop_bloodbath_and_beyond, st_stairs_7, nrook_uturn,
          uniq_jessica, uniq_robin
D:3:      layout_basic, lemuel_coloured_pillars_altar,
          mainiacjoe_overflow_alcove_2

Skill      XL: |  1  2  3  4 |
---------------+-------------+-----
Fighting       | 3 4 5 |  5.0
Dodging        | |  2.4
Unarmed Combat | |  3.2

Action                     |  1- 3 |  4- 6 || total
---------------------------+-------+-------++-------
  Melee: Unarmed           |    64 |    73 ||   137
         Bite              |    22 |    24 ||    46
    Use: Potion            |       |     1 ||     1
 Armour: Robe              |     4 |       ||     4
         Ring mail         |    32 |    42 ||    74
  Dodge: Dodged            |    26 |    33 ||    59

Table legend: (Time is in decaauts)
 A = Elapsed time spent in this place.
 B = Non-inter-level travel time spent in this place.
 C = Inter-level travel time spent in this place.
 D = Time resting spent in this place.
 E = Time spent auto-exploring this place.
 F = Levels seen in this place.
 G = Mean time per level.
                   A        B        C        D        E       F      G
               +--------+--------+--------+--------+--------+-----+--------+
         Total |   1695 |   1626 |     69 |      0 |   1254 |   3 |  565.0 |
       Dungeon |   1695 |   1626 |     69 |      0 |   1254 |   3 |  565.0 |
               +--------+--------+--------+--------+--------+-----+--------+

Top non-repeatable levels by time:
     D:1: 951 daAuts
     D:2: 584 daAuts
     D:3: 160 daAuts
